 Dungeon Crawl Stone Soup version 0.31-a0-1114-g1202beb (webtiles) character file.

Game seed: 2720793519866533220

1849163 Kearsarge the Conqueror (level 26, 95/266 HPs)
             Began as a Merfolk Fighter on Dec 4, 2023.
             Was an Initiate of Gozag.
             Escaped with the Orb
             ... and 3 runes!
             The game lasted 01:43:24 (54559 turns).

Kearsarge the Conqueror (Merfolk Fighter)          Turns: 54559, Time: 01:43:25

Health: 95/266     AC: 32    Str: 23    XL:     26   Next: 55%
Magic:  32/32      EV: 19    Int: 10    God:    Gozag
Gold:   366        SH: 35    Dex: 18    Spells: 25/25 levels left

rFire   + + .        C - +9 trident (venom)
rCold   + + +        b - +10 tower shield of Ignorance {rN+ Int-4}
rNeg    + . .        L - +9 scales of the Dragon King {rPois rF+ rC+ Will+}
rPois   +            v - +2 hat
rElec   +            p - scarf {rC+ rF+}
rCorr   +            e - +1 pair of gloves "Jyverot" {Dex+2 Slay+2}
SInv    .            Y - +2 pair of slick slippers {slick, slippery, EV+4}
Will    +++++        c - amulet of regeneration Stlth
                     R - ring of Loneop {rC++ Will++ MP+9 Str-5}
HPRegen 1.44/turn    a - ring "Koef" {rElec rC- rCorr Str+3 Int+6}
MPRegen 0.23/turn

%: no passive effects
@: bribing [the Dungeon, the Realm of Zot]
A: (nimble swimmer 2), mertail, antennae 1, strong-willed 1, robust 1, sturdy
frame 1
0: Orb of Zot
}: 3/15 runes: decaying, serpentine, silver
a: Renounce Religion, Potion Petition, Call Merchant, Bribe Branch


You escaped.
You worshipped Gozag.
Gozag was aware of your devotion.
You visited 10 branches of the dungeon, and saw 48 of its levels.
You visited the Abyss 1 time.
You visited 1 ziggurat, and saw 8 of its levels.
You also visited: Ossuary and Bailey.

You collected 24897 gold pieces.
You spent 9062 gold pieces at shops.
You paid 15469 gold pieces to Gozag.

Inventory:

Hand Weapons
 C - a +9 trident of venom (weapon)
 W - the +2 trident "Nait" {heavy, Fly rF+ Int+3 Stlth+}
   (You bought it in a shop on level 12 of the Dungeon)

   Int+3:     It affects your intelligence (+3).
   rF+:       It protects you from fire.
   Fly:       It grants you flight.
   Stlth+:    It makes you more stealthy.
Missiles
 T - 4 throwing nets
Armour
 b - the +10 tower shield of Ignorance (worn) {rN+ Int-4}
   (You found it in a bailey)

   Int-4:     It affects your intelligence (-4).
   rN+:       It protects you from negative energy.
 e - the +1 pair of gloves "Jyverot" (worn) {Dex+2 Slay+2}
   (You bought it in a shop on level 2 of the Orcish Mines)

   Dex+2:     It affects your dexterity (+2).
   Slay+2:    It affects your accuracy & damage with ranged weapons and melee
   (+2).
 p - a scarf of resistance (worn)
 v - a +2 hat (worn)
 L - the +9 scales of the Dragon King (worn) {rPois rF+ rC+ Will+}
   (You bought it in a shop on level 2 of the Snake Pit)

   rF+:       It protects you from fire.
   rC+:       It protects you from cold.
   rPois:     It protects you from poison Will+: It increases your willpower.
 Y - the +2 pair of slick slippers (worn) {slick, slippery, EV+4}
   (You bought it in a shop on level 2 of the Snake Pit)

   Slick:     Its wearer cannot be constricted, engulfed, netted or webbed.
   Slippery:  Its wearer slips away from damaging melee attacks, pulling the
   attacker onward.
   EV+4:      It affects your evasion (+4).
 Z - the +2 cloak of the Mashing Gods {rN++ Str+4}
   (You bought it in a shop on level 1 of the Vaults)

   Str+4:     It affects your strength (+4).
   rN++:      It greatly protects you from negative energy.
Jewellery
 a - the ring "Koef" (right hand) {rElec rC- rCorr Str+3 Int+6}
   (You bought it in a shop on level 2 of the Orcish Mines)

   [ring of intelligence]

   Str+3:     It affects your strength (+3).
   Int+6:     It affects your intelligence (+6).
   rC-:       It makes you vulnerable to cold.
   rElec:     It insulates you from electricity.
   rCorr:     It protects you from acid and corrosion.
 c - an amulet of regeneration (around neck)
 j - the ring "Hifeoguh" {Drain rF+++ rC++ AC+4 Dex-4}
   (You found it on level 7 of the Dungeon)

   [ring of protection]

   AC+4:      It affects your AC (+4).
   Dex-4:     It affects your dexterity (-4).
   rF+++:     It renders you almost immune to fire.
   rC++:      It greatly protects you from cold.
   Drain:     It drains your maximum health when unequipped.
 J - a ring of see invisible
 R - the ring of Loneop (left hand) {rC++ Will++ MP+9 Str-5}
   (You took it off a deep elf master archer on level 3 of the Elven Halls)

   [ring of magical power]

   Str-5:     It affects your strength (-5).
   rC++:      It greatly protects you from cold.
   Will++:    It greatly increases your willpower.
   MP+9:      It affects your magic capacity (+9).
Wands
 f - a wand of flame (8)
 q - a wand of roots (54)
 r - a wand of polymorph (13)
 y - a wand of paralysis (29)
 X - a wand of quicksilver (23)
Scrolls
 d - a scroll of blinking
 g - 15 scrolls of teleportation
 h - 9 scrolls of amnesia
 i - a scroll of revelation
 k - a scroll of enchant weapon
 l - 8 scrolls of poison
 o - 4 scrolls of noise
 s - 7 scrolls of vulnerability
 x - 2 scrolls of immolation
 I - 3 scrolls of fog
 K - 4 scrolls of fear
 O - 2 scrolls of torment
Potions
 n - a potion of haste
 t - 6 potions of cancellation
 u - 8 potions of lignification
 w - 5 potions of attraction
 z - 7 potions of might
 B - 3 potions of berserk rage
 D - 7 potions of brilliance
 E - 13 potions of heal wounds
 F - 4 potions of resistance
 G - 5 potions of magic
 H - 23 potions of curing
 N - 2 potions of ambrosia
 S - 3 potions of enlightenment
 U - 9 potions of mutation
Miscellaneous
 m - a lightning rod (4/4)
 A - a phantom mirror (inert)
 Q - a condenser vane


   Skills:
 O Level 27 Fighting
 - Level 25.9 Polearms
 - Level 10.0 Armour
 - Level 22.0 Dodging
 + Level 24.7 Shields


You had 25 spell levels left.
You didn't know any spells.
Your spell library contained the following spells:

 Spells                   Type           Power      Damage    Failure   Level
 Apportation              Tloc           0%         N/A       100%        1
 Foxfire                  Conj/Fire      0%         2x1d4     100%        1
 Freeze                   Ice            0%         1d3       100%        1
 Magic Dart               Conj           0%         1d3       100%        1
 Necrotise                Necr           0%         1d4       100%        1
 Shock                    Conj/Air       0%         1d3       100%        1
 Summon Small Mammal      Summ           0%         N/A       100%        1
 Blink                    Tloc           0%         N/A       100%        2
 Call Imp                 Summ           0%         N/A       100%        2
 Cigotuvi's Dreadful Rot  Necr/Pois/Air  0%         N/A       100%        2
 Jinxbite                 Hex            0%         N/A       100%        2
 Lesser Beckoning         Tloc           0%         N/A       100%        2
 Momentum Strike          Conj/Tloc      0%         3d8       100%        2
 Poisonous Vapours        Pois/Air       0%         N/A       100%        2
 Sublimation of Blood     Necr           0%         N/A       100%        2
 Wereblood                Tmut           0%         N/A       100%        2
 Call Canine Familiar     Summ           0%         N/A       100%        3
 Frozen Ramparts          Ice            0%         1d1       100%        3
 Gell's Gravitas          Tloc           0%         N/A       100%        3
 Hailstorm                Conj/Ice       0%         3d5       100%        3
 Ignite Poison            Fire/Tmut/Pois 0%         N/A       100%        3
 Inner Flame              Hex/Fire       0%         N/A       100%        3
 Mephitic Cloud           Conj/Pois/Air  0%         N/A       100%        3
 Ozocubu's Armour         Ice            0%         N/A       100%        3
 Sigil of Binding         Hex            0%         N/A       100%        3
 Teleport Other           Tloc           0%         N/A       100%        3
 Tukima's Dance           Hex            0%         N/A       100%        3
 Vampiric Draining        Necr           0%         2d6       100%        3
 Airstrike                Air            0%         2d(0-16)  100%        4
 Anguish                  Hex/Necr       0%         N/A       100%        4
 Animate Armour           Summ/Erth      0%         N/A       100%        4
 Cause Fear               Hex            0%         N/A       100%        4
 Dimensional Bullseye     Hex/Tloc       0%         N/A       100%        4
 Dispel Undead            Necr           0%         3d6       100%        4
 Iskenderun's Mystic Bla  Conj/Tloc      0%         2d3       100%        4
 Leda's Liquefaction      Hex/Erth       0%         N/A       100%        4
 Olgreb's Toxic Radiance  Pois           0%         N/A       100%        4
 Petrify                  Tmut/Erth      0%         N/A       100%        4
 Summon Ice Beast         Ice/Summ       0%         N/A       100%        4
 Summon Lightning Spire   Summ/Air       0%         N/A       100%        4
 Alistair's Intoxication  Tmut/Pois      0%         N/A       100%        5
 Arcjolt                  Conj/Air       0%         1d10      100%        5
 Fireball                 Conj/Fire      0%         3d3       100%        5
 Freezing Cloud           Conj/Ice/Air   0%         6-21      100%        5
 Irradiate                Conj/Tmut      0%         3d11      100%        5
 Lee's Rapid Deconstruct  Erth           0%         3d4*      100%        5
 Silence                  Hex/Air        0%         N/A       100%        5
 Summon Mana Viper        Hex/Summ       0%         N/A       100%        5
 Yara's Violent Unravell  Hex/Tmut       0%         3d3       100%        5
 Conjure Ball Lightning   Conj/Air       0%         3x3d6     100%        6
 Death Channel            Necr           0%         N/A       100%        6
 Plasma Beam              Fire/Air       0%         2x1d10    100%        6
 Starburst                Conj/Fire      0%         6d3       100%        6
 Enfeeble                 Hex            0%         N/A       100%        7
 Haunt                    Necr/Summ      0%         N/A       100%        7
 Monstrous Menagerie      Summ           0%         N/A       100%        7
 Ozocubu's Refrigeration  Ice            0%         4d7       100%        7
 Summon Hydra             Summ           0%         N/A       100%        7
 Borgnjor's Revivificati  Necr           0%         N/A       100%        8
 Discord                  Hex            0%         N/A       100%        8
 Disjunction              Tloc           0%         N/A       100%        8
 Ignition                 Fire           0%         3d3       100%        8
 Chain Lightning          Conj/Air       0%         N/A       100%        9
 Death's Door             Necr           0%         N/A       100%        9
 Dragon's Call            Summ           0%         N/A       100%        9
 Fire Storm               Conj/Fire      0%         5d1       100%        9
 Shatter                  Erth           0%         3d5*      100%        9
 Simulacrum               Ice/Necr       Unusable   N/A       N/A         6

Dungeon Overview and Level Annotations

Branches:
Dungeon (15/15)            Temple (1/1) D:5            Lair (5/5) D:9
  Swamp (4/4) Lair:2        Snake (4/4) Lair:2        Slime (0/5) Lair:5
    Orc (2/2) D:11            Elf (3/3) Orc:2        Vaults (5/5) D:13
  Crypt (0/3) Vaults:3     Depths (4/4) D:15            Zot (5/5) Depths:4
Ossuary (visited)          Bailey (visited)

Altars:
Ashenzari
Cheibriados
Dithmenos
Elyvilon
Fedhas
Gozag
Hepliaklqana
Kikubaaqudgha
Makhleb
Nemelex Xobeh
Okawaru
Qazlal
Ru
Sif Muna
Trog
Uskayaw
Vehumet
Wu Jian
Xom
Yredelemnul
Zin
The Shining One
Jiyva

Shops:
D:7 *[?*[   D:12 (   Orc:2 ?:!*=:((   Elf:1 =   Elf:3 ::=   Snake:2 [
Snake:3 !   Vaults:1 [(   Vaults:3 =   Vaults:5 [   Depths:4 (=

Portals:
Hell: Depths:2 Depths:3
Pandemonium: Depths:2

Annotations:
D:4 Pikel
D:11 2 transporters
Swamp:2 2 transporters, Agrajag's ghost, adept DECj
Swamp:3 1 runed translucent door, Vumaybb's ghost, adept TrDe
Elf:2 3 runed translucent doors
Vaults:2 36 runed doors


Innate Abilities, Weirdness & Mutations

((You are very nimble when in or above water. (Stealth+, EV+, Speed+++)))
Your lower body shifts to a powerful aquatic tail in water.
You have a pair of small antennae on your head.
You are strong-willed. (Will+)
You are robust. (+10% HP)
Your movements are slightly less encumbered by armour. (ER -2)


Message History

There is a stone staircase leading down here.
You no longer have enough gold to petition Gozag for potion effects.
You no longer have enough gold to fund merchants seeking to open stores in the dungeon.
You no longer have enough gold to bribe branches to halt enemies' attacks and recruit allies.
Gozag spreads your bribe to the Dungeon!
What level of the Dungeon? (default 1, ? - help)
There is a stone staircase leading up here.
You see here an amulet of magic regeneration.
You climb upwards.
There is a stone staircase leading down here.
A cherub comes into view.
It is wielding a +2 falchion of flaming.
The cherub unwields a +2 falchion of flaming.
It stops flaming.
The cherub wields a +0 shortbow.
The cherub shoots an arrow.
You block the arrow.
The cherub shoots an arrow.
You block the arrow.
There is a stone staircase leading up here.
The cherub shoots an arrow.
The arrow hits you.
You climb upwards.
There is a stone staircase leading down here.
As you read the scroll of teleportation, it crumbles to dust.
You feel strangely unstable.
You feel the Orb delaying your translocation!
You start waiting.
Your surroundings suddenly seem different.
A tormentor comes into view.
The tormentor calls on the powers of darkness!
Your body is wracked with pain!
The tormentor calls on the powers of darkness!
Your body is wracked with pain!
Blink to where?
Press: ? - help, Q - select action, (/) - cycle Dir - move target
As you read the scroll of blinking, it crumbles to dust.
There is an open door here.
Blink to where?
Press: ? - help, Q - select action, (/) - cycle Dir - move target
As you read the scroll of blinking, it crumbles to dust.
Blink to where?
Press: ? - help, Q - select action, (/) - cycle Dir - move target
As you read the scroll of blinking, it crumbles to dust.
You have escaped!

.......##.......# #.
#......##.......# #.
#......##.......#### ###.
'......####.>......#### .....
#.......###.######....# .....
+.......##...# ####.# .....
#.......##...###### #.# #####
+.......##...##...# #.# #.
#....##.##.>.''.@.# #.# #.
+....+..##...##...# #.##########.
#....##.##...####'# #.#..........
.....+..###'#####.# #.#..........
.....#.###.....##.# #.#.[........
÷....#..^'..⌠..##.###.#..........
.....###.#.....##.##..#..........
.###..##.#..⌠..##.##.##..........
.# ##....#.....##.##.##..........


There were no monsters in sight!

Vanquished Creatures
  3 ancient liches
  A juggernaut (Depths:4)
  Frederick (Depths:3)
  Saint Roka (Depths:3)
  A curse toe (Zot:3)
  Jory (Depths:3)
  7 golden dragons
  3 caustic shrikes
  A pearl dragon (Depths:3)
  Nikola (Vaults:1)
  2 bone dragons
  An electric golem (Zot:5)
  A Tzitzimitl (D:4)
  Zenata (Vaults:2)
  2 doom hounds (Zot:3)
  A hellephant (Zig:4)
  15 tentacled monstrosities
  10 Orb Guardians (Zot:5)
  2 liches (Depths:2)
  Grunn (Zot:3)
  2 quicksilver dragons
  5 deep elf blademasters (Elf:3)
  4 deep elf master archers (Elf:3)
  A tentacled starspawn (Abyss:2)
  A titan (Vaults:5)
  3 sphinxes
  A death cob (Zot:1)
  A thorn hunter (Swamp:2)
  5 shadow dragons
  6 draconian monks
  16 storm dragons
  3 nagarajas (Snake:4)
  4 draconian knights
  7 tengu reavers
  2 fenstrider witches
  5 fire giants
  8 frost giants
  6 deep elf sorcerers
  4 draconian scorchers
  22 vault wardens
  2 deep elf elementalists
  A draconian annihilator (Zot:3)
  Louise (Elf:2)
  3 ghost moths
  3 draconian stormcallers
  2 draconian shifters (Zot:1)
  2 ghouls (Swamp:3)
  4 war gargoyles
  2 orc warlords
  A cacodemon (Abyss:2)
  16 ironbound preservers
  13 stone giants
  5 ironbound thunderhulks
  4 spriggan defenders
  An ophan (Depths:3)
  2 vampire knights (Depths:1)
  2 eleionomae
  Nessos (D:14)
  13 very ugly things
  4 dire elephants (Vaults:3)
  A green draconian (Depths:4)
  7 deep elf demonologists
  5 black draconians
  12 deep elf annihilators
  An apis (Depths:3)
  7 bunyips
  6 red draconians
  4 purple draconians
  4 spark wasps
  2 white draconians
  4 yellow draconians
  5 deep elf death magi
  A blizzard demon (Abyss:2)
  6 fire dragons
  Snorg (D:12)
  3 entropy weavers
  6 deep elf high priests
  18 yaktaur captains
  6 great orbs of eyes
  18 ettins
  A shambling mangrove (Swamp:2)
  2 ice dragons
  A caustic shrike simulacrum (Abyss:2)
  Fannar (Lair:2)
  3 rakshasas
  4 salamander tyrants
  28 vault guards
  26 hydras
  3 spriggan air magi
  A ghost crab (Swamp:2)
  15 centaur warriors
  3 alligators
  3 ironbound frosthearts
  2 ogre magi (Vaults:5)
  A sphinx skeleton (D:15)
  3 peacekeepers
  5 two-headed ogres
  17 anacondas
  2 boulder beetles (D:12)
  20 dancing weapons
  A two-headed ogre (shapeshifter) (Vaults:3)
  3 vampire magi
  12 naga warriors
  3 spriggan berserkers (Swamp:4)
  2 tengu warriors
  5 thrashing horrors (Abyss:2)
  2 occultists (Elf:2)
  10 death yaks (Lair:5)
  9 naga sharpshooters
  6 deep troll shamans
  3 orc high priests (Orc:2)
  6 deep troll earth magi
  13 shock serpents
  3 deep elf knights
  2 skysharks
  11 iron trolls
  A shadow wraith (Vaults:5)
  3 sixfirhies
  A skyshark (shapeshifter) (Depths:2)
  Amaemon (Lair:3)
  6 salamander mystics (Snake:4)
  2 skeletal warriors (D:15)
  57 deep trolls
  4 flayed ghosts
  10 swamp dragons
  An orange crystal statue (Zig:2)
  5 spriggan druids
  2 glowing orange brains
  10 arcanists
  7 goliath frogs
  15 naga ritualists
  18 lindwurms
  A steelbarb worm (Zig:7)
  A tengu zombie (Vaults:3)
  21 ironbound convokers
  A deep troll (shapeshifter) (Elf:2)
  7 bog bodies
  14 deep elf archers
  9 orc knights
  18 deep elf zephyrmancers
  3 necromancers
  5 phantasmal warriors
  21 deep elf pyromancers
  A mana viper (shapeshifter) (Depths:4)
  2 large abominations (Abyss:2)
  17 mana vipers
  7 orc sorcerers
  A shadow dragon skeleton (Abyss:2)
  44 ugly things
  4 cyclopes
  11 moths of wrath
  2 worldbinders (Abyss:2)
  17 salamanders
  6 kobold blastminers
  8 elephants
  A cyclops (shapeshifter) (Vaults:5)
  4 will-o-the-wisps
  A rust devil (Zot:3)
  14 naga magi
  An apocalypse crab (Abyss:2)
  10 guardian serpents
  A water nymph (shapeshifter) (Vaults:5)
  3 gargoyles
  A human skeleton (Vaults:3)
  17 cane toads
  A smoke demon (Abyss:2)
  3 ice statues (Zig:2)
  A frost giant skeleton (Vaults:3)
  12 vault sentinels
  41 black mambas
  5 orange demons
  A torpor snail (Zig:7)
  Maggie (D:8)
  3 kobold demonologists
  11 komodo dragons
  3 rime drakes
  3 efreet
  2 ancient zymes (Abyss:2)
  49 yaktaurs
  4 freezing wraiths
  2 ice devils
  3 polar bears
  6 trolls
  7 meliai
  9 hornets
  Prince Ribbit (D:7)
  11 tyrant leeches
  Grinder (D:3)
  A tarantella (Zig:7)
  28 blink frogs
  A jumping spider (shapeshifter) (Elf:1)
  A fire giant simulacrum (Vaults:3)
  9 slime creatures
  3 culicivoras
  6 spriggans
  A centaur simulacrum (D:14)
  4 wraiths
  3 air elementals
  2 spriggan skeletons (D:15)
  5 wyverns
  27 yaks
  5 water elementals
  A ynoxinul (Abyss:2)
  A yak (shapeshifter) (Depths:3)
  A shadow (D:11)
  2 basilisks
  2 fire elementals (Elf:1)
  7 redbacks
  A chaos spawn (Abyss:2)
  16 vampire mosquitoes
  2 neqoxecs (Abyss:2)
  41 nagas
  Menkaure (D:7)
  19 swamp worms
  3 wargs
  A swamp worm (shapeshifter) (Vaults:5)
  13 water moccasins
  4 hell hounds (Abyss:2)
  8 swamp drakes
  3 ice beasts
  A sky beast (D:7)
  2 black bears
  29 orc warriors
  3 small abominations (Abyss:2)
  8 ogres
  9 wolves
  5 boggarts
  4 lemures
  9 centaurs
  A phantom (D:6)
  4 kobold brigands
  A brain worm (Elf:1)
  19 bullfrogs
  A necrophage (Swamp:3)
  3 gnoll sergeants
  A scorpion (D:4)
  An earth elemental (Elf:2)
  3 water moccasin zombies (Ossuary)
  3 wights (D:8)
  An electric eel (Lair:5)
  8 howler monkeys
  2 hounds (D:6)
  A quasit (Abyss:2)
  2 gnoll boudas
  4 jellies
  A bullfrog skeleton (D:8)
  18 orc priests
  An iron imp (Abyss:2)
  A sleepcap (D:5)
  Ijyb (D:4)
  Natasha (thrice) (D:3)
  4 iguanas
  20 orc wizards
  2 scorpion zombies (D:8)
  A killer bee zombie (D:8)
  2 mummies (Ossuary)
  Robin (D:3)
  10 adders
  27 gnolls
  2 howler monkey skeletons (D:8)
  4 shadow imps
  A white imp (D:6)
  2 ufetubi (D:7)
  8 adder zombies (Ossuary)
  2 worms (D:2)
  3 dart slugs
  78 orcs
  8 ball pythons
  6 bats
  9 endoplasms
  4 giant cockroaches
  5 gnoll zombies (Ossuary)
  16 goblins
  12 hobgoblins
  5 quokkas
  13 frilled lizards
  3 hobgoblin zombies (Ossuary)
  22 kobolds
  5 kobold zombies (Ossuary)
  6 orc zombies (Ossuary)
  10 rats
  A starspawn tentacle (Abyss:2)
1854 creatures vanquished.

Vanquished Creatures (collateral kills)
  An ancient lich (Zot:5)
  2 Killer Klowns (Zot:5)
  An electric golem (Zot:5)
  2 Orb Guardians (Zot:5)
  Donald (Snake:3)
  Aizul (Snake:3)
  A storm dragon (Zot:5)
  An ogre mage (Orc:1)
  A salamander mystic (Snake:3)
  An orc sorcerer (Orc:1)
  3 salamanders (Snake:3)
  An unseen horror (D:10)
  A hornet (Orc:1)
17 creatures vanquished.

Vanquished Creatures (others)
  2 dread liches (Zot:5)
  An orb of fire (Zot:5)
  An ancient lich (Zot:5)
  A curse toe (Zot:5)
  2 Killer Klowns (Zot:5)
  13 Orb Guardians
  A titan (Zig:8)
  A death cob (Zot:5)
  A storm dragon (Zot:5)
  A fire giant (Depths:2)
  A spriggan defender (Depths:3)
  A purple draconian (Zot:5)
  2 black draconians (Zot:5)
  A red draconian (Zot:5)
  3 deep elf knights
  2 deep elf zephyrmancers
  A deep elf pyromancer (Elf:2)
  2 moths of wrath (Zot:5)
  An orange demon (D:8)
  A yaktaur (Vaults:1)
  A bloated husk (Swamp:4)
  A water elemental (Elf:1)
  A ynoxinul (D:8)
  A small abomination (Abyss:2)
  A warg (Depths:3)
  An orc warrior (Depths:3)
  An ogre (Zig:2)
  18 foxfires
  2 starspawn tentacles (Abyss:2)
66 creatures vanquished.

Grand Total: 1937 creatures vanquished

Notes
Turn   | Place    | Note
-------+----------+-------------------------------------------
     0 | D:1      | Kearsarge the Merfolk Fighter began the quest for the Orb.
     0 | D:1      | Reached XP level 1. HP: 18/18 MP: 1/1
   183 | D:1      | Reached XP level 2. HP: 22/24 MP: 2/2
   483 | D:1      | Reached XP level 3. HP: 30/30 MP: 3/3
   617 | D:1      | Found a faded altar of an unknown god.
   942 | D:2      | Reached skill level 4 in Fighting
   945 | D:2      | Reached XP level 4. HP: 28/37 MP: 4/4
  1105 | D:2      | Reached skill level 5 in Polearms
  1543 | D:3      | Noticed a centaur
  1715 | D:3      | Killed a centaur
  1716 | D:3      | Reached XP level 5. HP: 41/43 MP: 5/5
  1792 | D:3      | Noticed Grinder
  1969 | D:3      | Noticed Robin
  2012 | D:3      | Killed Robin
  2085 | D:3      | Reached XP level 6. HP: 50/50 MP: 6/6
  2154 | D:3      | Reached skill level 5 in Fighting
  2388 | D:3      | Noticed Natasha
  2549 | D:3      | Paralysed by Grinder for 5 turns
  2559 | D:3      | Paralysed by Grinder for 2 turns
  2563 | D:3      | Killed Grinder
  2564 | D:3      | Reached XP level 7. HP: 39/56 MP: 7/7
  2751 | D:3      | Killed Natasha
  2840 | D:3      | Noticed Natasha
  2872 | D:3      | Killed Natasha
  2985 | D:3      | Noticed Natasha
  3002 | D:3      | Killed Natasha
  3270 | D:4      | Reached skill level 6 in Fighting
  3616 | D:4      | Noticed Ijyb
  3632 | D:4      | Killed Ijyb
  3835 | D:4      | Found a white marble altar of Elyvilon.
  3892 | D:4      | Noticed Pikel
  4249 | D:5      | Entered Level 5 of the Dungeon
  4273 | D:5      | Reached skill level 10 in Polearms
  4273 | D:5      | Reached XP level 8. HP: 33/65 MP: 8/8
  4451 | D:5      | Found a staircase to the Ecumenical Temple.
  4467 | Temple   | Entered the Ecumenical Temple
  4591 | D:5      | Identified the +1 scale mail of the Teacher {rC+}
  4949 | D:5      | Noticed Sigmund
  5047 | D:5      | Sigmund changed into Sigmund the bat
  5047 | D:5      | Noticed Sigmund
  5051 | D:5      | Killed Sigmund the bat
  5135 | D:5      | Reached skill level 7 in Fighting
  5701 | D:6      | Found an ancient bone altar of Kikubaaqudgha.
  6049 | D:5      | Gained mutation: You are frail. (-10% HP) [potion of
                  | mutation]
  6074 | D:6      | Found an iron altar of Okawaru.
  6175 | D:6      | HP: 3/60 [centaur/+0 battleaxe (7)]
  6221 | D:7      | Found a flagged portal.
  6342 | D:7      | Identified the ring "Hifeoguh" {Drain rF+++ rC++ AC+4
                  | Dex-4}
  6366 | Bailey   | Entered a bailey
  6418 | Bailey   | Reached XP level 9. HP: 51/66 MP: 9/9
  6732 | Bailey   | Reached skill level 8 in Fighting
  6924 | Bailey   | Found a large runed translucent door.
  6924 | Bailey   | Found a large runed translucent door.
  6925 | Bailey   | Noticed a deep elf pyromancer
  6927 | Bailey   | Found the +10 tower shield of Ignorance {rN+ Int-4}
  6941 | Bailey   | Noticed an orc knight
  7216 | Bailey   | Killed a deep elf pyromancer
  7396 | Bailey   | Lost mutation: You are frail. (-10% HP) [potion of
                  | mutation]
  7396 | Bailey   | Gained mutation: You are robust. (+10% HP) [potion of
                  | mutation]
  7396 | Bailey   | Gained mutation: Potions are less effective at restoring
                  | your health. [potion of mutation]
  7396 | Bailey   | Lost intelligence.
  7396 | Bailey   | Gained mutation: You are dopey. (Int -2) [potion of
                  | mutation]
  7399 | Bailey   | Lost mutation: Potions are less effective at restoring your
                  | health. [potion of mutation]
  7399 | Bailey   | Lost mutation: You are dopey. (Int -2) [potion of mutation]
  7399 | Bailey   | Lost mutation: You are robust. (+10% HP) [potion of
                  | mutation]
  7399 | Bailey   | Gained mutation: You occasionally lose the ability to read
                  | scrolls when taking damage. [potion of mutation]
  7807 | D:7      | Noticed Menkaure
  7809 | D:7      | Found Zoulei Puhai's Assorted Antiques.
  7818 | D:7      | Killed Menkaure
  7829 | D:7      | Bought a scroll of identify for 42 gold pieces
  7829 | D:7      | Bought a runed helmet for 157 gold pieces
  7829 | D:7      | Bought a potion of might for 84 gold pieces
  7994 | D:7      | Found Senuy's Armour Boutique.
  7997 | D:7      | Found Beibiol's Magic Scroll Emporium.
  8014 | D:7      | Bought a scroll of poison for 48 gold pieces
  8014 | D:7      | Bought a scroll of teleportation for 36 gold pieces
  8026 | D:7      | Found Tumuorer's Antique Armour Shop.
  8068 | D:7      | Reached skill level 9 in Fighting
  8224 | D:7      | Found Teysuomo's General Store.
  8302 | D:7      | Found an opulent altar of Gozag.
  8302 | D:7      | Found a sparkling altar of Nemelex Xobeh.
  8428 | D:6      | Reached XP level 10. HP: 83/83 MP: 10/10
  8860 | D:6      | Found a blossoming altar of Fedhas.
  9017 | D:7      | Reached skill level 15 in Polearms
  9127 | D:7      | Became a worshipper of Gozag Ym Sagoz the Greedy
  9299 | D:7      | Bought a scroll of identify for 24 gold pieces
  9358 | D:8      | Noticed Prince Ribbit
  9367 | D:7      | Killed Prince Ribbit
  9567 | D:8      | Found a sand-covered staircase.
  9609 | Ossuary  | Entered an ossuary
  9773 | Ossuary  | Reached skill level 10 in Fighting
  9953 | D:8      | Found a glowing golden altar of the Shining One.
 10337 | D:8      | Noticed Maggie
 10355 | D:8      | Killed Maggie
 10528 | D:7      | Bought a scroll of identify for 24 gold pieces
 10528 | D:7      | Bought a scroll of teleportation for 36 gold pieces
 10528 | D:7      | Bought a scroll of identify for 24 gold pieces
 10546 | D:7      | Bought a scroll of revelation for 157 gold pieces
 10575 | D:7      | Bought a fine chain mail for 256 gold pieces
 10575 | D:7      | Identified the +0 chain mail of the Quahog {+Inv Int+3}
                  | (You bought it in a shop on level 7 of the Dungeon)
 10703 | D:9      | Identified the +5 ring mail of the Harvest Moon {rF+ rCorr}
 10966 | D:9      | Noticed a kobold demonologist
 11001 | D:9      | Killed a kobold demonologist
 11059 | D:9      | Noticed a gargoyle
 11068 | D:9      | Killed a gargoyle
 11069 | D:9      | Reached skill level 11 in Fighting
 11069 | D:9      | Reached XP level 11. HP: 82/93 MP: 9/11
 11923 | D:9      | Found a staircase to the Lair.
 11995 | D:10     | Entered Level 10 of the Dungeon
 11995 | D:10     | Noticed a two-headed ogre
 12004 | D:10     | Killed a two-headed ogre
 12132 | D:10     | Noticed a two-headed ogre
 12140 | D:10     | Killed a two-headed ogre
 12369 | D:10     | Noticed a phantasmal warrior
 12381 | D:10     | Killed a phantasmal warrior
 12419 | D:10     | Found the +3 pair of seven-league boots {Rampage+∞}
 12573 | D:10     | Reached skill level 12 in Fighting
 12851 | D:11     | Found a transporter.
 12856 | D:11     | Noticed a boulder beetle
 12920 | D:11     | Noticed a two-headed ogre
 12926 | D:11     | Killed a two-headed ogre
 13271 | D:11     | Noticed a boulder beetle
 13272 | D:11     | Found a transporter.
 13398 | D:11     | Found a staircase to the Orcish Mines.
 13477 | D:11     | Reached XP level 12. HP: 90/103 MP: 10/12
 13794 | Orc:1    | Entered Level 1 of the Orcish Mines
 14112 | Orc:1    | Noticed an ogre mage
 14118 | Orc:1    | Reached skill level 13 in Fighting
 14124 | Orc:1    | Killed an ogre mage
 14452 | Orc:2    | Entered Level 2 of the Orcish Mines
 14453 | Orc:2    | Found Koanwud's Magic Scroll Boutique.
 14849 | Orc:2    | Found a burning altar of Makhleb.
 14862 | Orc:2    | Found Ymemimaz's Distillery.
 14886 | Orc:2    | Bought a potion of mutation for 104 gold pieces
 14886 | Orc:2    | Bought a potion of curing for 39 gold pieces
 14886 | Orc:2    | Bought a potion of might for 52 gold pieces
 14886 | Orc:2    | Bought a potion of lignification for 39 gold pieces
 14886 | Orc:2    | Bought a potion of haste for 130 gold pieces
 14886 | Orc:2    | Bought a potion of berserk rage for 65 gold pieces
 14886 | Orc:2    | Bought a potion of attraction for 39 gold pieces
 14886 | Orc:2    | Lost mutation: You occasionally lose the ability to read
                  | scrolls when taking damage. [potion of mutation]
 14886 | Orc:2    | Gained mutation: Your movements are slightly less
                  | encumbered by armour. (ER -2) [potion of mutation]
 14886 | Orc:2    | Gained mutation: You are robust. (+10% HP) [potion of
                  | mutation]
 14949 | Orc:2    | Found a staircase to the Elven Halls.
 15025 | Orc:2    | Found Sureat's Weapon Shoppe.
 15124 | Orc:2    | Found Zelit's Book Shoppe.
 15129 | Orc:2    | Found Gomef's Weapon Emporium.
 15445 | Orc:2    | Bought a scroll of revelation for 120 gold pieces
 15445 | Orc:2    | Bought a scroll of immolation for 64 gold pieces
 15445 | Orc:2    | Bought a scroll of identify for 32 gold pieces
 15445 | Orc:2    | Bought a scroll of summoning for 152 gold pieces
 15445 | Orc:2    | Bought a scroll of summoning for 152 gold pieces
 15445 | Orc:2    | Bought a scroll of identify for 32 gold pieces
 15488 | Orc:2    | Noticed an orc high priest
 15488 | Orc:2    | Noticed an orc high priest
 15488 | Orc:2    | Noticed an orc high priest
 15493 | Orc:2    | Noticed a sun demon
 15498 | Orc:2    | Killed an orc high priest
 15498 | Orc:2    | Killed an orc high priest
 15508 | Orc:2    | Killed an orc high priest
 15509 | Orc:2    | Reached skill level 14 in Fighting
 15509 | Orc:2    | Reached XP level 13. HP: 92/124 MP: 9/13
 15684 | Orc:2    | Found Madwisus's Jewellery Boutique.
 15684 | Orc:2    | Found Imaz's Magic Scroll Boutique.
 15686 | Orc:2    | Found Joiguvyf's General Store.
 15686 | Orc:2    | Found Suicapto's Book Emporium.
 15719 | Orc:2    | Bought an amulet of regeneration for 390 gold pieces
 15732 | Orc:2    | Bought the +1 pair of gloves "Jyverot" {Dex+2 Slay+2} for
                  | 407 gold pieces
 15732 | Orc:2    | Bought a potion of lignification for 42 gold pieces
 15732 | Orc:2    | Bought a scroll of teleportation for 42 gold pieces
 15767 | Orc:2    | Bought a scroll of poison for 56 gold pieces
 15767 | Orc:2    | Bought a scroll of teleportation for 42 gold pieces
 15767 | Orc:2    | Bought a scroll of blinking for 105 gold pieces
 15812 | Orc:2    | Bought a scroll of teleportation for 42 gold pieces
 16154 | Lair:1   | Entered Level 1 of the Lair of Beasts
 17023 | Lair:2   | Found a staircase to the Swamp.
 17710 | Lair:2   | Noticed Fannar
 17733 | Lair:2   | Killed Fannar
 17967 | Lair:2   | Found a staircase to the Snake Pit.
 18468 | Lair:3   | Reached skill level 15 in Fighting
 18585 | Lair:3   | Noticed Amaemon
 18603 | Lair:3   | Killed Amaemon
 19352 | Lair:4   | Reached XP level 14. HP: 131/135 MP: 14/14
 19781 | Lair:4   | Found a frozen archway.
 19861 | Lair:5   | Entered Level 5 of the Lair of Beasts
 20118 | Lair:5   | Reached skill level 16 in Fighting
 20983 | Lair:5   | Found a staircase to the Slime Pits.
 20983 | Lair:5   | Found a viscous altar of Jiyva.
 21071 | Lair:5   | Reached XP level 15. HP: 145/145 MP: 15/15
 21492 | D:12     | Reached skill level 1 in Dodging
 21893 | D:12     | Noticed Snorg
 21902 | D:12     | Killed Snorg
 22192 | D:12     | Bought an encrusted trident for 357 gold pieces
 22192 | D:12     | Identified the +2 trident "Nait" {heavy, Fly rF+ Int+3
                  | Stlth+} (You bought it in a shop on level 12 of the
                  | Dungeon)
 22267 | D:13     | Reached skill level 5 in Shields
 22551 | D:13     | Found a gate to the Vaults.
 22569 | D:13     | Identified the ring "Ejam" {rC+ Dex+4}
 23176 | Orc:2    | Bought the ring "Koef" {rElec rC- rCorr Str+3 Int+6} for
                  | 713 gold pieces
 23432 | Snake:1  | Entered Level 1 of the Snake Pit
 23448 | Snake:1  | Reached skill level 5 in Dodging
 23597 | Snake:1  | Identified the +10 dagger of the Walnut {heavy, rCorr Int-2
                  | Dex+8 SInv}
 24752 | Snake:2  | Reached XP level 16. HP: 139/152 MP: 16/16
 24756 | Snake:2  | Bought the +2 pair of slick slippers {slick, slippery,
                  | EV+4} for 727 gold pieces
 24756 | Snake:2  | Found the +2 pair of slick slippers {slick, slippery, EV+4}
 24771 | Snake:2  | Found a blossoming altar of Fedhas.
 24790 | Snake:2  | Reached skill level 10 in Shields
 24863 | Snake:2  | Identified the +9 great mace "Neqybb" {venom, Int-2 Dex+5}
 24885 | Snake:2  | Reached skill level 10 in Dodging
 24889 | Snake:2  | Identified the +0 shortbow "Renuapadu" {freeze, Str+3 Dex+8
                  | Stlth+}
 24998 | Snake:2  | Identified the staff of Puokhin {rPois rC+ rN+ Will- Necro}
 25308 | Snake:2  | Identified the staff of Mukkuis {rElec rC+ rN+ rCorr Necro}
 25425 | Snake:2  | Identified the +0 robe of Insecurity {rF+ rN+ Int-4}
 25712 | Snake:3  | Found Niuro's Distillery.
 25718 | Snake:3  | Bought a potion of heal wounds for 75 gold pieces
 25809 | Snake:3  | Noticed Donald
 25852 | Snake:3  | Killed Donald
 26117 | Snake:3  | Identified the serpent talisman of Lifelessness {rC+ Int+2}
 26117 | Snake:3  | Noticed Aizul
 26132 | Snake:3  | Killed Aizul
 26361 | Snake:4  | Entered Level 4 of the Snake Pit
 26385 | Snake:4  | Reached skill level 15 in Dodging
 26619 | Snake:4  | Noticed a nagaraja
 26630 | Snake:4  | Killed a nagaraja
 26851 | Snake:4  | Noticed a nagaraja
 26853 | Snake:4  | Reached XP level 17. HP: 159/160 MP: 17/17
 27964 | Snake:4  | Got a serpentine rune of Zot
 28195 | Swamp:1  | Entered Level 1 of the Swamp
 28970 | Swamp:2  | Found a transporter.
 28982 | Swamp:2  | Noticed Agrajag's ghost (adept DECj)
 29310 | Swamp:2  | Reached XP level 18. HP: 168/168 MP: 18/18
 29602 | Swamp:2  | Found a transporter.
 29969 | Swamp:3  | Found a runed translucent door.
 29970 | Swamp:3  | Noticed a tentacled monstrosity
 29970 | Swamp:3  | Noticed Vumaybb's ghost (adept TrDe)
 30228 | Snake:2  | Bought the +9 scales of the Dragon King {rPois rF+ rC+
                  | Will+} for 2371 gold pieces
 30228 | Snake:2  | Found the +9 scales of the Dragon King {rPois rF+ rC+
                  | Will+}
 30286 | Snake:3  | Bought a potion of mutation for 120 gold pieces
 30286 | Snake:3  | Bought a potion of might for 60 gold pieces
 30286 | Snake:3  | Bought a potion of might for 60 gold pieces
 30466 | Swamp:4  | Entered Level 4 of the Swamp
 30813 | Swamp:3  | Reached skill level 5 in Armour
 31766 | Swamp:4  | Got a decaying rune of Zot
 32187 | Elf:1    | Entered Level 1 of the Elven Halls
 32271 | Elf:1    | Found Esap's Jewellery Shoppe.
 32896 | Abyss:2  | Cast into level 2 of the Abyss (a deep elf demonologist)
 32911 | Abyss:2  | Found a corrupted altar of Lugonu.
 33092 | Abyss:2  | Gained mutation: You have hidden genetic potential. [a
                  | neqoxec]
 33121 | Abyss:2  | Paralysed by you for 5 turns
 33179 | Abyss:2  | Reached XP level 19. HP: 160/174 MP: 19/19
 33317 | Elf:1    | Escaped the Abyss
 33555 | Elf:1    | Reached skill level 10 in Armour
 33799 | Elf:1    | Reached skill level 17 in Fighting
 34105 | Elf:2    | Identified the +10 short sword of Fortitude {venom, rElec
                  | rC+ Str+4}
 34244 | Elf:2    | Paralysed by an air elemental for 1 turns
 34276 | Elf:2    | Reached skill level 18 in Fighting
 34429 | Elf:2    | Noticed Louise
 34464 | Elf:2    | Killed Louise
 34778 | Elf:2    | Found a runed translucent gate.
 34779 | Elf:2    | Found a runed translucent gate.
 34779 | Elf:2    | Found a runed translucent gate.
 34810 | Elf:3    | Entered Level 3 of the Elven Halls
 35072 | Elf:3    | Found Vuetif's Jewellery Shop.
 35072 | Elf:3    | Found Leqyffua's Book Shoppe.
 35079 | Elf:3    | Found Hiamuc's Book Shoppe.
 35442 | Elf:3    | Reached skill level 19 in Fighting
 35496 | Elf:3    | Gained mutation: You have a pair of small antennae on your
                  | head. [hidden potential]
 35779 | Elf:3    | Identified the +10 great sword "Nucsur" {freeze, rC+ Will+
                  | rCorr}
 35917 | Elf:3    | Identified the ring of Loneop {rC++ Will++ MP+9 Str-5}
 35918 | Elf:3    | Reached XP level 20. HP: 149/193 MP: 20/20
 35925 | Elf:3    | Reached skill level 20 in Fighting
 35977 | Elf:3    | Identified the +8 bardiche "Sanevit" {heavy, Int+3}
 36198 | Elf:3    | Identified the +3 glaive of Chaos {flame, rC+}
 36237 | Elf:3    | Got the Catalogue of Generation
 36250 | Elf:3    | Got the Verses on the Deep Freeze
 36707 | Snake:2  | Bought a scarf of resistance for 608 gold pieces
 37022 | Elf:1    | Bought a ring of see invisible for 210 gold pieces
 37199 | Vaults:1 | Entered Level 1 of the Vaults
 37268 | Vaults:1 | Noticed Nikola
 37293 | Vaults:1 | Killed Nikola
 37659 | Vaults:1 | Reached skill level 21 in Fighting
 37875 | Vaults:1 | Identified the +8 arbalest of the Protecting Goat {drain,
                  | SInv}
 38149 | Vaults:1 | Bought the +2 cloak of the Mashing Gods {rN++ Str+4} for
                  | 727 gold pieces
 38753 | Vaults:2 | Identified the ring of Liberalism {rF+ MP+9}
 38776 | Vaults:2 | Identified the +2 scale mail "Qocwim" {Rampage}
 38782 | Vaults:2 | Noticed Zenata
 38799 | Vaults:2 | Killed Zenata
 38947 | Vaults:2 | Found a huge runed gate.
 38947 | Vaults:2 | Found a huge runed gate.
 38947 | Vaults:2 | Found a huge runed gate.
 38947 | Vaults:2 | Found a huge runed gate.
 38947 | Vaults:2 | Found a huge runed gate.
 38948 | Vaults:2 | Found a huge runed gate.
 38948 | Vaults:2 | Found a huge runed gate.
 38948 | Vaults:2 | Found a huge runed gate.
 38948 | Vaults:2 | Found a huge runed gate.
 38948 | Vaults:2 | Found a huge runed gate.
 38949 | Vaults:2 | Found a huge runed gate.
 38949 | Vaults:2 | Found a huge runed gate.
 38950 | Vaults:2 | Found a huge runed gate.
 38951 | Vaults:2 | Found a huge runed gate.
 38952 | Vaults:2 | Found a huge runed gate.
 38963 | Vaults:2 | Found a huge runed gate.
 38963 | Vaults:2 | Found a huge runed gate.
 38963 | Vaults:2 | Found a huge runed gate.
 38963 | Vaults:2 | Found a huge runed gate.
 38963 | Vaults:2 | Found a huge runed gate.
 38963 | Vaults:2 | Found a huge runed gate.
 38963 | Vaults:2 | Found a huge runed gate.
 38987 | Vaults:2 | Found a huge runed gate.
 38988 | Vaults:2 | Found a huge runed gate.
 38989 | Vaults:2 | Found a huge runed gate.
 38997 | Vaults:2 | Found a huge runed gate.
 38997 | Vaults:2 | Found a huge runed gate.
 38997 | Vaults:2 | Found a huge runed gate.
 38997 | Vaults:2 | Found a huge runed gate.
 38997 | Vaults:2 | Found a huge runed gate.
 38997 | Vaults:2 | Found a huge runed gate.
 38998 | Vaults:2 | Found a huge runed gate.
 38999 | Vaults:2 | Found a huge runed gate.
 39000 | Vaults:2 | Found a huge runed gate.
 39008 | Vaults:2 | Found a huge runed gate.
 39008 | Vaults:2 | Found a huge runed gate.
 39095 | Vaults:2 | Reached skill level 22 in Fighting
 39171 | Vaults:2 | Identified the +0 pair of boots of Bofeadu {+Inv rC- Will-
                  | Int+8}
 39358 | Vaults:2 | Gained mutation: You are strong-willed. (Will+) [hidden
                  | potential]
 39358 | Vaults:2 | Lost mutation: You have hidden genetic potential. [hidden
                  | potential expressed]
 40028 | Vaults:3 | Reached skill level 23 in Fighting
 40069 | Vaults:2 | Reached XP level 21. HP: 147/211 MP: 21/21
 40395 | Vaults:3 | Reached skill level 24 in Fighting
 40687 | Vaults:3 | Noticed a bone dragon
 40708 | Vaults:3 | Killed a bone dragon
 40711 | Vaults:3 | Found a staircase to the Crypt.
 41086 | Vaults:3 | Found Becaekh's Jewellery Shoppe.
 41490 | Vaults:3 | Reached skill level 25 in Fighting
 43025 | Vaults:5 | Entered Level 5 of the Vaults
 43053 | Vaults:5 | Noticed a golden dragon
 43082 | Vaults:5 | Noticed a golden dragon
 43084 | Vaults:5 | Reached skill level 26 in Fighting
 43086 | Vaults:5 | Reached XP level 22. HP: 194/229 MP: 22/22
 43104 | Vaults:5 | Killed a golden dragon
 43109 | Vaults:5 | Killed a golden dragon
 43197 | Vaults:5 | Reached skill level 27 in Fighting
 43398 | Vaults:5 | Identified the +10 plate armour of Knowledge {rC- Will+
                  | Int+2 Dex+2}
 43400 | Vaults:5 | Identified the +7 chain mail "Liux" {Int+3 Stlth+}
 43457 | Vaults:5 | Identified the +8 dagger "Koceagesai" {venom, Str+3 Int+3}
 43458 | Vaults:5 | Identified the +3 spear of the Forest {drain, Dex+2}
 43756 | Vaults:5 | Noticed an ancient lich
 43761 | Vaults:5 | Killed an ancient lich
 44180 | Vaults:5 | Identified the +2 robe of the Devil's Team {rPois}
 44576 | Vaults:5 | Got a silver rune of Zot
 44796 | Vaults:5 | Reached XP level 23. HP: 228/240 MP: 23/23
 45724 | D:14     | Noticed Nessos
 45729 | D:14     | Killed Nessos
 45894 | D:15     | Entered Level 15 of the Dungeon
 46021 | D:15     | Found a staircase to the Depths.
 46192 | D:15     | Reached skill level 15 in Shields
 46229 | D:15     | Identified the ring of Miracles {rPois AC+4 Int+3 Dex-3}
 46675 | Depths:1 | Entered Level 1 of the Depths
 46991 | Depths:1 | Noticed a caustic shrike
 46995 | Depths:1 | Killed a caustic shrike
 47134 | Depths:1 | Identified the staff of Severance {rN+ Dex+2 Tmut Earth}
 47394 | Depths:1 | Found a sacrificial altar of Ru.
 48082 | Depths:2 | Found a one-way gateway to a ziggurat.
 48204 | Zig:1    | Entered Level 1 of a ziggurat
 48228 | Zig:2    | Entered Level 2 of a ziggurat
 48340 | Zig:3    | Entered Level 3 of a ziggurat
 48405 | Zig:4    | Entered Level 4 of a ziggurat
 48407 | Zig:4    | Noticed a caustic shrike
 48407 | Zig:4    | Noticed a caustic shrike
 48419 | Zig:4    | Killed a caustic shrike
 48429 | Zig:4    | Killed a caustic shrike
 48477 | Zig:5    | Entered Level 5 of a ziggurat
 48642 | Zig:6    | Entered Level 6 of a ziggurat
 48659 | Zig:6    | Paralysed by a wendigo for 1 turns
 48666 | Zig:6    | Identified the ring of Faagihuili {Fire Str+2 Dex+2}
 48670 | Zig:7    | Entered Level 7 of a ziggurat
 48730 | Zig:7    | Identified the +2 demon trident of Medeq {vamp, Str-5 Int+9
                  | Dex+3}
 48737 | Zig:7    | Reached XP level 24. HP: 184/249 MP: 7/23
 48846 | Zig:7    | Got Hatagunk's Grimoire of Algor and Rot
 48848 | Zig:7    | Got Sif Muna's Information on Nephomancy and Ignition
 48857 | Zig:7    | Identified the +6 spear "Nuvig" {heavy, rPois rF+ rN+
                  | Int-5}
 48858 | Zig:7    | Identified the +1 robe of Yesterday {Will+}
 48924 | Zig:8    | Entered Level 8 of a ziggurat
 48932 | Zig:8    | Noticed an ancient lich
 48967 | Zig:8    | Killed an ancient lich
 49010 | Zig:8    | Got Sif Muna's Secrets of Thunder
 49334 | Depths:2 | Reached XP level 25. HP: 231/257 MP: 23/23
 49765 | Depths:2 | Found a one-way gate leading to the halls of Pandemonium.
 49984 | Depths:2 | Found a gateway to Hell.
 50114 | Depths:3 | Noticed Saint Roka
 50115 | Depths:3 | Noticed Frederick
 50115 | Depths:3 | Found a white marble altar of Elyvilon.
 50115 | Depths:3 | Found a glowing silver altar of Zin.
 50147 | Depths:3 | Killed Frederick
 50169 | Depths:3 | Noticed Jory
 50175 | Depths:3 | Killed Saint Roka
 50210 | Depths:3 | Killed Jory
 50507 | Depths:3 | Found a glowing golden altar of the Shining One.
 50668 | Depths:3 | Identified the amulet of Avvolof {Acrobat -Cast rElec rPois
                  | Dex+7}
 50678 | Depths:4 | Entered Level 4 of the Depths
 50685 | Depths:4 | Found Luigar's Jewellery Shop.
 50685 | Depths:4 | Found Zatinl Ulaf's Weapon Boutique.
 50760 | Depths:4 | Noticed a juggernaut
 50824 | Depths:4 | Killed a juggernaut
 51243 | Depths:4 | Found a gate to the Realm of Zot.
 51363 | Zot:1    | Entered Level 1 of the Realm of Zot
 52258 | Zot:4    | Noticed Grunn
 52302 | Zot:3    | Reached XP level 26. HP: 224/262 MP: 23/23
 52349 | Zot:3    | Killed Grunn
 53285 | Zot:5    | Entered Level 5 of the Realm of Zot
 53606 | Zot:5    | Killed an ancient lich
 53680 | Zot:5    | Noticed a Killer Klown
 53687 | Zot:5    | Noticed an orb of fire
 53692 | Zot:5    | Killed an ancient lich
 53700 | Zot:5    | Killed a dread lich
 53708 | Zot:5    | Killed an ancient lich
 53760 | Zot:5    | Identified the +3 scale mail of Protective Custody {rPois
                  | Int+2}
 53957 | Zot:5    | Killed a Killer Klown
 54066 | Zot:5    | Got the Orb of Zot
 54066 | Zot:5    | Noticed an orb of fire
 54070 | Zot:5    | Noticed a dread lich
 54074 | Zot:5    | Killed a Killer Klown
 54092 | Zot:5    | Killed a Killer Klown
 54112 | Zot:5    | Killed a dread lich
 54172 | Zot:2    | Noticed Onim the pandemonium lord
 54427 | D:8      | Noticed Muudwo Poqio the pandemonium lord
 54559 | D:$      | Escaped with the Orb!

Illustrated notes

Levels and vault maps discovered:
D:1:      dpeg_arrival_simpleton_b, layout_basic,
          hellmonk_ecumenical_altar_run_dry, minmay_large_rounded_square,
          kennysheep_pointless_box
D:2:      minmay_wonky_spiral, layout_rooms, st_stairs_3
D:3:      layout_basic, uniq_grinder, uniq_robin, uniq_natasha
D:4:      layout_rooms, kennysheep_mini_moat, kennysheep_minor_cross,
          uniq_pikel, uniq_ijyb
D:5:      layout_gridville, minmay_temple_entry_mini_moons, nicolae_letterblocks
          [nicolae_letter_subblock, nicolae_letter_subblock,
          nicolae_letter_subblock, nicolae_letter_subblock,
          nicolae_letter_subblock, nicolae_letter_subblock,
          nicolae_letter_subblock, nicolae_letter_subblock,
          nicolae_letter_subblock, nicolae_letter_subblock,
          nicolae_letter_subblock, nicolae_letter_subblock,
          nicolae_letter_subblock, nicolae_letter_subblock,
          nicolae_letter_subblock, nicolae_letter_subblock,
          nicolae_letter_subblock, nicolae_letter_subblock,
          nicolae_letter_subblock, nicolae_letter_subblock,
          nicolae_letter_subblock, nicolae_letter_subblock,
          nicolae_letter_subblock, nicolae_letter_subblock,
          nicolae_letter_subblock], uniq_sigmund
D:6:      layout_cave_pools, mainiacjoe_overflow_six_doors_small,
          kennysheep_mini, mainiacjoe_overflow_boulevard, serial_rivers,
          chequers_serial_rivers_large_b, chequers_serial_rivers_room_a,
          chequers_serial_rivers_micro_b, chequers_serial_rivers_small_b,
          chequers_serial_rivers_room_a, chequers_serial_rivers_room_b,
          minmay_lizard_king
D:7:      layout_rooms, grunt_temple_overflow_opulence, enter_bailey_5,
          serial_shops, shop, nicolae_shop_competitors_out_of_business, shop,
          nicolae_shop_statue_plus, nicolae_shop_pleasant_corner_grove,
          uniq_menkaure
D:8:      layout_gridville, lemuel_round_altar,
          mainiacjoe_ossuary_entry_find_the_door, dk_noncrumbling_4,
          uniq_prince_ribbit1, uniq_maggie
D:9:      layout_layer_cave, lair_entry_dummy
D:10:     layout_small_grid, hellmonk_guarded_unrand_seven_league_boots
D:11:     gammafunk_boulding_lane, layout_loops_ring, david_orc_2
D:12:     layout_loops_ring, kennysheep_generic_room_10, uniq_snorg
D:13:     layout_loops_ring, david_vaults_5
D:14:     layout_roguey, minivault_19, uniq_nessos
D:15:     gammafunk_depths_entry_grave, layout_basic, interstate_on_off
Temple:   hellmonk_temple_of_storms
Lair:1:   layout_loops_ring, grunt_megastairs_1, infiniplex_staircase_pool_2
Lair:2:   layout_layer_cave, swamp_mist_pool, alex1729_snake_entry_snake,
          serial_bayou_lagoon_b, uniq_fannar
Lair:3:   layout_layer_cave, chequers_serial_rivers_small_a, uniq_amaemon
Lair:4:   layout_gridlike, portal_ice_cave_entry_animals_and_master
Lair:5:   minmay_lair_end_frog_pond, layout_concentric_octagons,
          minmay_slime_entry_pillars
Swamp:1:  layout_falls_marsh, evilmike_swamp_ruin_house_3, swamp_pool_1_2
Swamp:2:  layout_falls_marsh, gammafunk_ghost_arena,
          evilmike_swamp_ruin_rubble_1, swamp_pool_1_2, hangedman_swamp_cone,
          hangedman_swamp_wriggling
Swamp:3:  layout_falls_marsh, ebering_ghost_inner_flame, serial_swamp_ruin,
          evilmike_swamp_ruin_rubble_2, evilmike_swamp_ruin_house_4,
          swamp_pool_1_2, nicolae_swamp_bean_lake, nzn_swamp_dancing_lights
Swamp:4:  swamp_basic_johnstein, layout_basic_swamp, swamp_pool_1_2
Snake:1:  nicolae_snake_hallway, layout_grid_maze
Snake:2:  layout_misc_corridors, basic_altar, nicolae_snake_naga_rites
Snake:3:  layout_onion, serial_bayou_pond_c, lemuel_fruit_tree,
          minmay_shop_star, uniq_donald, uniq_aizul
Snake:4:  snake_pit_salamanders_mu, layout_basic
Orc:1:    hellmonk_paralyzer, layout_caves
Orc:2:    st_orc_elflike, layout_caves, basic_altar, serial_shops, shop,
          nicolae_shop_bloodbath_and_beyond, nicolae_shop_rolling_square,
          nicolae_lakefront_shop, nicolae_shop_peninsula
Elf:1:    layout_geoelf_octagon, serial_shops, nicolae_shop_trees, minivault_28,
          hangedman_elf_represent
Elf:2:    nicolae_elf_blades_crystal_corner, layout_gridlike,
          hangedman_elf_disciples, uniq_louise
Elf:3:    minmay_elf_hall, layout_gridlike, st_stairs_4, minmay_shop_grove
Vaults:1: nicolae_vaults_rhombus_5, v_misc_19, nicolae_vaults_wine_cellar,
          serial_library_hellmonk_open_square, nicolae_vaults_trapezoid_4,
          v_misc_31, nicolae_vaults_six-pack, nicolae_vaults_sesquioval_fish,
          nicolae_vaults_tetromino_Z_2, layout_vaults_chaotic_city, uniq_nikola
Vaults:2: hangedman_vaults_hat, door_vault, vaults_dpeg_hooks,
          vaults_room_boxed, hangedman_vaults_restitches,
          nicolae_vaults_network_quincunx
          [nicolae_vaults_network_quincunx_subvault,
          nicolae_vaults_network_quincunx_subvault,
          nicolae_vaults_network_quincunx_subvault,
          nicolae_vaults_network_quincunx_subvault,
          nicolae_vaults_network_quincunx_subvault],
          nicolae_vaults_yaktaur_gun_rack, v_misc_28,
          nicolae_vaults_little_squares_5, nicolae_vaults_angled_halls,
          vaults_dpeg_spiral, nicolae_vaults_ring_of_whatevers,
          nicolae_vaults_offset_grid_hallway_3, layout_vaults_omnibox,
          uniq_zenata
Vaults:3: ontoclasm_vaults_shout, v_alt_pattern_3,
          nicolae_vaults_border_crossing, minmay_crypt_entry_nasty_monster,
          nicolae_vaults_stairing_the_circle, dpeg_vaults_monster_row,
          hangedman_vaults_slither, ontoclasm_vaults_idyll,
          ontoclasm_vaults_loading_screen,
          vaults_standard_mumra_enter_the_diamond, nicolae_vaults_house_1,
          hangedman_vaults_corner_blocks, nicolae_vaults_house_2,
          nicolae_vaults_diamond_1, nicolae_vaults_tetromino_Z_1,
          vaults_room_door_ring, layout_vaults_omnicross, serial_shops,
          nicolae_shop_gaudy_bauble
Vaults:4: v_misc_33, nicolae_vaults_network_square, v_misc_9,
          nicolae_vaults_hexular_roomagon, nicolae_vaults_asterisk,
          vaults_dpeg_cross, layout_vaults_omnigrid
Vaults:5
Depths:1: layout_small_grid, nicolae_ru_the_path_less_chosen,
          grunt_hell_entry_dis_old, minmay_swirly_circle, grunt_megastairs_5
Depths:2: evilmike_horseshoe, layout_cave_shapes, enter_ziggurat_a,
          kennysheep_flooded_box, hell_entry, pan_entry, abyss_entry_crystal,
          minmay_staircase_windowed_large
Depths:3: gammafunk_dig_for_victory, layout_basic, hangedman_abyss_entry_splay,
          nrook_mini_vaults, hell_entry, lightli_enter_wizlab_magi_temple,
          grunt_decor_clamped, hallowed_hall, uniq_jory, uniq_frederick,
          uniq_saint_roka
Depths:4: grunt_zot_entry_tricorne, layout_gridlike,
          chequers_serial_rivers_micro_a, hell_entry, minmay_shoptagon
Zot:1:    layout_onion_interference, zot_minivault_4
Zot:2:    layout_misc_corridors, regret_index_zot_stipple_split,
          ebering_ghost_reflecting_pool, nicolae_transporter_circle
Zot:3:    layout_twisted_circle, regret_index_zotdec_plus
Zot:4:    lemuel_draconian_sentries, layout_gridlike,
          regret_index_zotdec_onion_hex, grunt_ministairs_10, uniq_grunn
Zot:5:    layout_basic

Skill      XL: |  1  2  3  4  5  6  7  8  9 10 11 12 13 14 15 16 17 18 19 20 21 22 23 24 25 26 |
---------------+-------------------------------------------------------------------------------+-----
Polearms       | 3 4 6 8 10 12 14 17 19 21 23 25 | 25.9
Fighting       | 4 5 6 7 9 11 12 14 15 16 19 23 26 27 | 27.0
Dodging        | 8 16 21 22 | 22.0
Shields        | 9 10 14 18 19 22 24 | 24.7
Armour         | 9 10 | 10.0

Action                     |  1- 3 |  4- 6 |  7- 9 | 10-12 | 13-15 | 16-18 | 19-21 | 22-24 | 25-27 || total
---------------------------+-------+-------+-------+-------+-------+-------+-------+-------+-------++-------
  Melee: Trident           |   117 |   178 |   503 |   899 |  1302 |  1468 |  1694 |  1239 |  1686 ||  9086
         Spear             |       |       |   152 |       |       |       |       |       |       ||   152
         Tailslap          |       |       |     8 |     4 |     8 |       |       |       |     5 ||    25
  Throw: Dart              |       |       |       |     3 |       |       |       |       |       ||     3
         Throwing net      |       |       |       |     1 |       |       |       |       |       ||     1
 Invoke: Call Merchant     |       |       |       |       |     1 |     1 |     2 |     1 |       ||     5
         Potion Petition   |       |       |       |       |       |     1 |       |       |     2 ||     3
         Bribe Branch      |       |       |       |       |       |       |       |       |     3 ||     3
  Evoke: Wand              |       |       |    12 |     7 |     1 |     2 |     2 |     1 |    14 ||    39
         Condenser vane    |       |       |       |       |       |     2 |     3 |     2 |     1 ||     8
         Phantom mirror    |       |       |       |       |       |     1 |     1 |       |     2 ||     4
         Lightning rod     |       |       |       |       |       |       |       |     8 |     2 ||    10
    Use: Scroll            |       |     5 |     7 |    24 |     4 |    13 |     8 |    15 |    20 ||    96
         Potion            |       |     4 |    15 |     3 |     1 |     5 |     3 |    12 |    10 ||    53
   Stab: Distracted        |       |     1 |       |     4 |    13 |    15 |    11 |     8 |     7 ||    59
         Paralysed         |       |       |       |     3 |       |       |       |       |       ||     3
         Sleeping          |       |       |       |       |     4 |     3 |       |       |       ||     7
         Confused          |       |       |       |       |       |     1 |       |       |       ||     1
         Invisible         |       |       |       |       |       |       |       |     6 |     6 ||    12
 Armour: Scale mail        |    54 |   118 |   285 |    38 |       |       |       |       |       ||   495
         Swamp dragon scal |       |       |       |   145 |   509 |   313 |       |       |       ||   967
         Gold dragon scale |       |       |       |       |       |   318 |   680 |   650 |   628 ||  2276
         Skin              |       |       |       |       |       |       |       |       |    15 ||    15
  Dodge: Dodged            |    28 |    64 |   127 |    54 |   191 |   569 |   482 |   482 |   370 ||  2367
  Block: Buckler           |    23 |    29 |    75 |       |       |       |       |       |       ||   127
         Tower shield      |       |       |   120 |   691 |  1412 |  1893 |  2085 |  1890 |  1962 || 10053
   Form: Beast             |     1 |       |       |       |       |       |       |       |       ||     1
                           |       |       |     1 |       |       |       |       |       |       ||     1

Table legend: (Time is in decaauts)
 A = Elapsed time spent in this place.
 B = Non-inter-level travel time spent in this place.
 C = Inter-level travel time spent in this place.
 D = Time resting spent in this place.
 E = Time spent auto-exploring this place.
 F = Levels seen in this place.
 G = Mean time per level.
                   A        B        C        D        E       F      G
               +--------+--------+--------+--------+--------+-----+--------+
         Total |  53517 |  46993 |   6524 |   3353 |  28849 |  59 |  907.1 |
       Dungeon |  16521 |  13809 |   2712 |   1109 |   9448 |  15 | 1101.4 |
        Temple |      1 |      1 |      0 |      0 |      0 |   1 |    1.0 |
          Lair |   5566 |   4861 |    705 |     32 |   3687 |   5 | 1113.2 |
         Swamp |   3161 |   2919 |    242 |     54 |   2002 |   4 |  790.2 |
     Snake Pit |   5054 |   4519 |    535 |    198 |   2717 |   4 | 1263.5 |
  Orcish Mines |   2522 |   1887 |    635 |      7 |   1419 |   2 | 1261.0 |
   Elven Halls |   3954 |   3334 |    620 |    473 |   1755 |   3 | 1318.0 |
        Vaults |   8019 |   7563 |    456 |     88 |   5033 |   5 | 1603.8 |
        Depths |   3528 |   3161 |    367 |    173 |   1759 |   4 |  882.0 |
           Zot |   2499 |   2250 |    249 |    700 |    523 |   5 |  499.8 |
         Abyss |    434 |    434 |      0 |     33 |      0 |   1 |  434.0 |
      Ziggurat |    791 |    791 |      0 |      0 |    402 |   8 |   98.9 |
       Ossuary |    212 |    212 |      0 |      0 |     87 |   1 |  212.0 |
        Bailey |   1250 |   1250 |      0 |    483 |     14 |   1 | 1250.0 |
               +--------+--------+--------+--------+--------+-----+--------+

Top non-repeatable levels by time:
Vaults:5: 1976 daAuts
 Snake:4: 1765 daAuts
     D:3: 1755 daAuts
Vaults:3: 1743 daAuts
     D:9: 1722 daAuts
   Elf:3: 1606 daAuts
Vaults:1: 1535 daAuts
  Lair:2: 1484 daAuts
   Elf:1: 1444 daAuts
     D:5: 1430 daAuts
Vaults:2: 1405 daAuts
   Orc:2: 1377 daAuts
Vaults:4: 1358 daAuts
  Lair:5: 1306 daAuts
 Snake:1: 1252 daAuts
